 Dungeon Crawl Stone Soup version 0.18-a0-60-g15541d7 (webtiles) character file.

4256 Duffy the Basher (level 10, -4/55 HPs)
             Began as a Vine Stalker Fighter on Nov 9, 2015.
             Was a Believer of Ru.
             Slain by a wasp (6 damage)
             ... on level 9 of the Dungeon.
             The game lasted 00:14:07 (7031 turns).

Duffy the Basher (Vine Stalker Fighter)             Turns: 7031, Time: 00:14:07

Health: -4/55      AC: 13    Str: 18    XL:     10   Next: 31%
Magic:  0/20       EV: 10    Int:  8    God:    Ru [**....]
Gold:   454        SH:  0    Dex: 18    Spells: 0 memorised, 9 levels left

rFire  . . .     SeeInvis .     a - +1 flail
rCold  . . .     Clarity  .     N - +0 chain mail
rNeg   . . .     SustAt   .     (no shield)
rPois  .         Gourm    .     u - +1 helmet
rElec  .         Spirit   +     o - +0 cloak
rCorr  .         Warding  .     (no gloves)
rMut   .         Stasis   .     (no boots)
MR     +....                    M - amulet of regeneration
Stlth  ..........               H - ring of magical power
                                t - +3 ring of evasion

@: lethally poisoned (-4 -> -5), slowed, very slow, somewhat resistant to
hostile enchantments, extremely unstealthy
A: fangs 3, regeneration 2, magic shield, antimagic bite, no device heal 3, rot
immunity, hated by all, no conjurations magic, no ice magic, no transmutations
magic
a: Renounce Religion


You were on level 9 of the Dungeon.
You worshipped Ru.
Ru was pleased with you.
You were not hungry.

You visited 2 branches of the dungeon, and saw 10 of its levels.
You also visited: Sewer.

You collected 454 gold pieces.


Innate Abilities, Weirdness & Mutations

You have razor-sharp teeth.
You heal very quickly.
When hurt, damage is shared between your health and your magic reserves.
Your bite disrupts and absorbs the magic of your enemies.
Potions and wands cannot restore your health.
You are immune to rotting.
You are hated by all.
You cannot study or cast Conjurations magic.
You cannot study or cast Ice magic.
You cannot study or cast Transmutations magic.


   Skills:
 + Level 7.2 Fighting
 * Level 10.4 Maces & Flails
 + Level 5.6 Armour
 - Level 2.6 Shields


You had 9 spell levels left.
You didn't know any spells.

Inventory:

Hand Weapons
 a - a +1 flail (weapon)
Missiles
 f - 20 tomahawks
 C - 35 poisoned needles
 G - 5 javelins
 O - 3 poisoned javelins (quivered)
Armour
 b - a +0 scale mail
 c - a +0 shield
 o - a +0 cloak (worn)
 u - a +1 helmet (worn)
 L - a +0 plate armour
 N - a +0 chain mail (worn)
Jewellery
 i - an uncursed ring of poison resistance
 k - an uncursed ring of see invisible
 t - a +3 ring of evasion (left hand)
 H - a ring of magical power (right hand)
 K - an uncursed ring of sustain attributes
 M - an amulet of regeneration (around neck)
Wands
 h - a wand of flame (14)
 x - a wand of digging (12)
 J - a wand of fireball (0)
Scrolls
 l - a scroll of fear
 m - 2 scrolls of enchant armour
 n - a scroll of magic mapping {unknown}
 r - a scroll of enchant weapon
 s - 3 scrolls of remove curse
 v - 3 scrolls of recharging
 y - 2 scrolls of teleportation
 z - 2 scrolls of fog
 B - a scroll of immolation {unknown}
Potions
 d - a potion of might
 g - 9 potions of curing
 j - a potion of agility {unknown}
 q - 2 potions of invisibility {unknown}
 A - a potion of degeneration {unknown}
 D - 3 potions of brilliance {unknown}
 E - 4 potions of lignification {unknown}
 F - 3 potions of magic {unknown}
 I - a potion of mutation {unknown}
 Q - a potion of ambrosia {unknown}
 R - a potion of haste {unknown}
 S - a potion of berserk rage {unknown}
Comestibles
 e - 6 bread rations
 p - 2 meat rations
 w - 5 fruits
 T - 2 slices of pizza

Dungeon Overview and Level Annotations

Branches:
Dungeon (9/15)             Temple (1/1) D:4
   Lair: D:8-11         Orc: D:9-12

Altars:
Ashenzari
Cheibriados
Elyvilon
Fedhas
Gozag
Kikubaaqudgha
Makhleb
Okawaru
Qazlal
Ru
Sif Muna
Trog
Vehumet
Xom
Yredelemnul
Zin

Shops:
D:8 =


Message History

You feel as though you will be slow longer.
You barely miss the wasp. You bite the wasp. You drain its power.
You feel invigorated.
The wasp is heavily wounded.
You feel sick. The wasp barely misses you. The wasp stings you!
You feel as though you will be slow longer.
You barely miss the wasp. You bite the wasp, but do no damage.
The wasp is heavily wounded.
You feel sick. The wasp stings you but does no damage.
The wasp barely misses you.
You hit the wasp but do no damage. You bite the wasp, but do no damage.
The wasp is heavily wounded.
The wasp closely misses you. x2
You closely miss the wasp. You bite the wasp, but do no damage.
The wasp is heavily wounded.
The wasp stings you but does no damage. The wasp closely misses you.
Drink which item? (? for menu, Esc to quit)
Okay, then.
You sock the wasp!
The wasp is severely wounded.
You feel sick. The wasp stings you.
You are more poisoned.
You feel as though you will be slow longer.
The wasp barely misses you.
Your chain mail prevents you from hitting the wasp.
The wasp is severely wounded.
You feel sick. The wasp stings you but does no damage.
The wasp stings you but does no damage.
You sock the wasp! Your bite misses the wasp.
The wasp is almost dead.
You feel sick. The wasp stings you.
You are more poisoned.
You feel as though you will be slow longer.
The wasp stings you!
You die...

........#
........#
....>...#
........# +# #
........# #.# .#
........###.###.#
......)y..!......
#...@......#
.#..........#
..............#
......#.......#
..............#
......##...#..#
.##.........<.#
##..####........#
#. ...###.###.#


You could see a wasp.

Action                   |  1- 3 |  4- 6 |  7- 9 | 10-12 || total
-------------------------+-------+-------+-------+-------++-------
Melee: Flail             |   103 |   239 |   397 |    76 ||   815
Throw: Tomahawk          |       |       |     7 |       ||     7
       Javelin           |       |       |     3 |       ||     3
Invok: Sacrifice Love    |       |       |     1 |       ||     1
       Sacrifice Arcana  |       |       |     1 |       ||     1
Evoke: Wand              |       |       |     5 |       ||     5
  Use: Scroll            |       |     6 |     5 |       ||    11
 Stab: Distracted        |       |       |     1 |       ||     1
  Eat: Chunk             |       |     7 |    16 |     1 ||    24

Notes
Turn   | Place    | Note
--------------------------------------------------------------
     0 | D:1      | Duffy the Vine Stalker Fighter began the quest for the Orb.
     0 | D:1      | Reached XP level 1. HP: 11/11 MP: 2/2
    96 | D:1      | Reached skill level 2 in Maces & Flails
   301 | D:1      | Reached XP level 2. HP: 16/16 MP: 3/3
   530 | D:1      | Reached skill level 3 in Maces & Flails
   532 | D:1      | Reached XP level 3. HP: 16/19 MP: 2/4
  1081 | D:2      | Reached XP level 4. HP: 21/23 MP: 5/5
  1098 | D:2      | Reached skill level 4 in Maces & Flails
  1199 | D:2      | Noticed Natasha
  1224 | D:1      | Killed Natasha
  1224 | D:1      | Reached XP level 5. HP: 18/27 MP: 4/6
  1665 | D:3      | Noticed Ijyb
  1694 | D:3      | Killed Ijyb
  1694 | D:3      | Reached skill level 5 in Maces & Flails
  2031 | D:3      | Reached skill level 3 in Fighting
  2031 | D:3      | Gained mutation: You heal very quickly. [Vine Stalker growth]
  2031 | D:3      | Reached XP level 6. HP: 28/32 MP: 5/7
  2359 | D:4      | Found a glowing drain.
  2366 | Sewer    | Entered a sewer
  2845 | D:4      | Noticed Grinder
  2874 | D:4      | Found a staircase to the Ecumenical Temple.
  2888 | Temple   | Entered the Ecumenical Temple
  2973 | Temple   | Became a worshipper of Ru the Awakened
  3005 | D:4      | Found an iron altar of Okawaru.
  3053 | D:4      | Reached skill level 4 in Fighting
  3053 | D:4      | Reached skill level 6 in Maces & Flails
  3053 | D:4      | Reached XP level 7. HP: 37/37 MP: 8/8
  3072 | D:5      | Entered Level 5 of the Dungeon
  3273 | D:5      | Found a burning altar of Makhleb.
  3747 | D:6      | Noticed Crazy Yiuf
  3758 | D:6      | Killed Crazy Yiuf
  3870 | D:6      | Gained mutation: You are hated by all. [Ru sacrifice]
  3870 | D:6      | Reached * piety under Ru
  3875 | D:6      | Reached skill level 5 in Fighting
  3875 | D:6      | Reached skill level 7 in Maces & Flails
  3875 | D:6      | Gained mutation: You have razor-sharp teeth. [Vine Stalker growth]
  3875 | D:6      | Reached XP level 8. HP: 34/43 MP: 9/9
  4050 | D:6      | Reached skill level 3 in Armour
  4484 | D:6      | Noticed Blork the orc
  4498 | D:6      | Killed Blork the orc
  4740 | D:4      | Killed Grinder
  4740 | D:4      | Reached skill level 8 in Maces & Flails
  4915 | D:4      | Found a blossoming altar of Fedhas.
  5443 | D:7      | Reached XP level 9. HP: 44/48 MP: 10/10
  5595 | D:7      | Reached skill level 6 in Fighting
  5597 | D:7      | Reached skill level 4 in Armour
  6160 | D:8      | Found Utamaoj's Jewellery Emporium.
  6167 | D:8      | Gained mutation: You cannot study or cast Ice magic. [Ru sacrifice]
  6167 | D:8      | Gained mutation: You cannot study or cast Transmutations magic. [Ru sacrifice]
  6167 | D:8      | Gained mutation: You cannot study or cast Conjurations magic. [Ru sacrifice]
  6167 | D:8      | Reached ** piety under Ru
  6252 | D:8      | Reached skill level 9 in Maces & Flails
  6714 | D:8      | Reached skill level 5 in Armour
  6737 | D:8      | Reached XP level 10. HP: 53/53 MP: 11/11
  6748 | D:8      | Reached skill level 7 in Fighting
  6748 | D:8      | Reached skill level 10 in Maces & Flails
  6794 | D:8      | Found a radiant altar of Vehumet.
  7022 | D:9      | Paralysed by a wasp for 2 turns
  7031 | D:9      | Slain by a wasp

Vault maps used:
D:1:      dpeg_arrival_three_same_balls
D:2:      uniq_natasha
D:3:      uniq_iyjb
D:4:      lemuel_crystal_altar, kennysheep_little_box,
          minmay_temple_entry_large_hall, first_bread,
          lightli_sewer_entry_pipes, uniq_grinder
D:5:      bloody_makhleb
D:6:      uniq_crazy_yiuf_cottage, uniq_blork_the_orc
D:8:      vehumet_crystals, special_room, serial_shops, shop
D:9:      nicolae_dithmenos_through_a_glass_darkly, lemuel_doored_altar,
          nicolae_tso_besieged_by_evil, orc_0_dummy
Temple:   circular_temple_12
Sewer:    sewer_co_cracked_pipes

Vanquished Creatures
  Grinder
  A two-headed ogre
  A hippogriff
  A hungry ghost
  An orc warrior
  4 ogres
  2 ice beasts
  3 black bears
  13 big kobolds Blork the orc
  5 giant frogs
  A water moccasin skeleton
  5 wights
  A crimson imp
  2 hounds
  A giant frog skeleton
  3 orc priests
  A centaur zombie
  A jelly
  5 orc wizards
  A quasit Crazy Yiuf Ijyb
  5 iguanas
  4 worker ants Natasha
  2 hound skeletons
  7 gnolls
  4 river rats
  15 adders
  2 shadow imps
  2 adder zombies
  2 adder skeletons
  6 worms
  2 giant geckos
  24 orcs
  4 ball pythons
  3 giant cockroaches
  12 goblins
  5 hobgoblins
  8 jackals
  3 quokkas
  9 bats
  11 giant newts
  14 kobolds
  16 rats
217 creatures vanquished.
